 Dungeon Crawl Stone Soup version 0.30-a0-779-g7971cf19c3 (webtiles) character file.

Game seed: 17753471362006274112

11406 Smoke131 the Covert (level 11, -7/54 HPs)
             Began as a Vampire Enchanter on Feb 18, 2023.
             Was a Follower of Makhleb.
             Mangled by a sixfirhy (11 damage)
             ... on level 9 of the Dungeon.
             The game lasted 00:42:10 (10229 turns).

Smoke131 the Covert (Vampire Enchanter)            Turns: 10229, Time: 00:42:11

Health: -7/54      AC:  8    Str: 13    XL:     11   Next: 48%
Magic:  18/19      EV: 33    Int: 24    God:    Makhleb [*.....]
Gold:   613        SH:  7    Dex: 19    Spells: 13/21 levels left

rFire   . . .      SeeInvis +    i - +3 dagger (protect)
rCold   + + .      Faith    .    q - +1 buckler
rNeg    + + +      Spirit   .    m - +0 steam dragon scales
rPois   ∞          Reflect  .    (no helmet)
rElec   .          Harm     .    (no cloak)
rCorr   .          Rampage  .    (no gloves)
Will    +....                    p - +2 pair of boots
Stlth   +++++++                  j - amulet of the acrobat
HPRegen 0.00/turn                f - +6 ring of strength
MPRegen 0.16/turn                y - +6 ring of intelligence

@: acrobatic, bloodless, inhibited regen, hasted, studying Evocations, very
quick
A: bloodless, fangs 3, see invisible, vampiric 2
a: Bat Form, Revivify, Renounce Religion


You were on level 9 of the Dungeon.
You worshipped Makhleb.
Makhleb was aware of your devotion.
You visited 2 branches of the dungeon, and saw 10 of its levels.
You also visited: Sewer and Bailey.

You collected 613 gold pieces.

Inventory:

Hand Weapons
 i - a +3 dagger of protection (weapon)
 n - a +5 dagger
 D - a +1 rapier
Missiles
 a - 2 curare-tipped darts
 e - 5 javelins
 l - 30 poisoned darts (quivered)
 A - 2 throwing nets
 H - a boomerang
Armour
 m - +0 steam dragon scales (worn)
 p - a +2 pair of boots (worn)
 q - a +1 buckler (worn)
Jewellery
 f - a +6 ring of strength (left hand)
 j - an amulet of the acrobat (around neck)
 y - a +6 ring of intelligence (right hand)
 E - a ring of resist corrosion
Scrolls
 b - 2 scrolls of enchant armour
 B - 6 scrolls of enchant weapon
 C - a scroll of summoning
 F - a scroll of teleportation
Potions
 c - a potion of invisibility
 g - 6 potions of might
 h - 5 potions of curing
 k - 8 potions of mutation
 o - 2 potions of heal wounds
 r - a potion of degeneration {unknown}
 s - a potion of flight {unknown}
 t - a potion of lignification {unknown}
 u - 2 potions of attraction {unknown}
 v - a potion of magic {unknown}
 w - 3 potions of resistance
 x - a potion of haste
 z - 2 potions of brilliance {unknown}


   Skills:
 + Level 10.5 Short Blades
 + Level 10.5 Dodging
 + Level 11.1 Stealth
 - Level 5.0 Shields
 + Level 5.8 Spellcasting
 + Level 10.9 Hexes


You had 13 spell levels left.
You knew the following spells:

 Your Spells              Type           Power      Damage    Failure   Level
a - Ensorcelled Hibernat  Hex/Ice        66%        N/A       1%          2
b - Confusing Touch       Hex            56%        N/A       1%          3
c - Tukima's Dance        Hex            56%        N/A       1%          3

Your spell library contained the following spells:

 Spells                   Type           Power      Damage    Failure   Level
 Dazzling Flash           Conj/Hex       66%        N/A       3%          3
 Summon Forest            Summ/Tloc      3%         N/A       96%         5
 Eringya's Noxious Bog    Tmut/Pois      3%         N/A       100%        6
 Summon Hydra             Summ           3%         N/A       100%        7


Dungeon Overview and Level Annotations

Branches:
Dungeon (9/15)             Temple (1/1) D:4            Lair (0/5) D:9
  Sewer (visited)          Bailey (visited)
    Orc: D:9-12

Altars:
Ashenzari
Cheibriados
Dithmenos
Fedhas
Gozag
Hepliaklqana
Kikubaaqudgha
Makhleb
Nemelex Xobeh
Okawaru
Qazlal
Ru
Sif Muna
Trog
Uskayaw
Vehumet
Xom
Yredelemnul

Shops:
D:2 :   D:3 (   D:4 :


Innate Abilities, Weirdness & Mutations

You do not regenerate when monsters are visible.
You are frail without blood (-20% HP).
You can heal yourself when you bite living creatures.
You are immune to poison.
You have razor-sharp teeth.
You have supernaturally acute eyesight. (SInv)
You are afflicted with vampirism and can become a bat while bloodless.


Message History

You hit the ice devil but do no damage.
The ice devil is lightly wounded.
You catch the helpless ice devil completely off-guard!
You stick the ice devil like a pincushion!!!
You kill the ice devil!
Makhleb accepts your kill.
Training target 5.0 for Shields reached!
Your Shields skill increases to level 5!
No target in view!
Magic restored.
There is a fountain of blood here.
Found an escape hatch in the ceiling.
You pick up a Fen Folio and begin reading...
You add the spells Summon Forest, Eringya's Noxious Bog and Summon Hydra to your library.
k - 8 potions of mutation (gained 1)
Casting: Confusing Touch (safe; 1% risk of failure)
Confirm with . or Enter, or press ? or * to list all spells.
Aiming: Ensorcelled Hibernation (safe; 1% risk of failure)
Press: ? - help, Shift-Dir - straight line, f - sixfirhy
Aim: a sixfirhy (wandering, hasn't noticed you, chance to affect: 28%)
Okay, then.
Casting: Ensorcelled Hibernation (safe; 1% risk of failure)
Confirm with . or Enter, or press ? or * to list all spells.
Aiming: Ensorcelled Hibernation (safe; 1% risk of failure)
Press: ? - help, Shift-Dir - straight line, f - sixfirhy
Aim: a sixfirhy (wandering, hasn't noticed you, chance to affect: 28%)
The sixfirhy easily resists.
The sixfirhy barely misses you. The sixfirhy hits you. The sixfirhy shocks you!
The sixfirhy closely misses you. The sixfirhy hits you!
The sixfirhy shocks you!
* * * LOW HITPOINT WARNING * * *
You feel yourself speed up. You block the sixfirhy's attack.
The sixfirhy completely misses you. The sixfirhy completely misses you.
The sixfirhy barely misses you. The sixfirhy completely misses you.
The sixfirhy completely misses you. The sixfirhy attacks as you move away!
The sixfirhy hits you!
* * * LOW HITPOINT WARNING * * *
The sixfirhy shocks you!
You die...

#.# #...##### #.#
#........ #.# #........
########.#########......[.
#.........................
#.........................
#.........................
#.........3...............
#........@#########.......
#.........# #.......
#.........# #.......
#.<.......# #.......
#.........#########<......
#.........................
#.........................
#.............############
#.............#


You could see a sixfirhy.

Vanquished Creatures
  A tengu warrior (D:9)
  An orc knight (Bailey)
  Pikel (D:3)
  2 manticores
  2 rust devils
  Joseph (D:7)
  An orange demon (D:9)
  3 ice devils
  A komodo dragon (D:9)
  2 red devils (D:8)
  Grinder (Sewer)
  A ynoxinul (D:9)
  Sigmund (D:4)
  3 chaos spawn (D:9)
  2 steam dragons
  Edmund (D:5)
  2 water moccasins
  Duvessa (D:5)
  11 orc warriors
  4 ice beasts
  2 black bears (D:7)
  3 ogres
  2 centaurs
  3 phantoms
  3 kobold brigands
  9 bullfrogs
  6 scorpions
  7 wights
  Dowan (D:5)
  2 howler monkeys
  3 quasits
  A jelly (D:5)
  3 gnoll boudas
  2 orc priests (D:4)
  2 hounds
  6 orc wizards
  2 iguanas
  Robin (D:3)
  11 gnolls
  7 adders
  A river rat (D:4)
  7 shadow imps
  A white imp (D:6)
  7 ufetubi
  A worm (D:2)
  5 dart slugs
  43 orcs
  8 ball pythons
  A bat zombie (Sewer)
  7 endoplasms
  5 giant cockroaches
  20 goblins
  12 hobgoblins
  4 jackals (D:2)
  4 quokkas
  5 bats
  5 frilled lizards
  34 kobolds
  2 kobold zombies (Sewer)
  5 rats
295 creatures vanquished.

Vanquished Creatures (others)
  An endoplasm (Sewer)
  A kobold (Sewer)
  6 demonic plants (D:9)
  11 plants (D:9)
19 creatures vanquished.

Grand Total: 314 creatures vanquished

Notes
Turn   | Place    | Note
-------+----------+-------------------------------------------
     0 | D:1      | Smoke131 the Vampire Enchanter began the quest for the Orb.
     0 | D:1      | Reached XP level 1. HP: 13/13 MP: 3/3
   175 | D:1      | Reached XP level 2. HP: 19/19 MP: 5/5
   610 | D:2      | Gained mutation: You are afflicted with vampirism and can
                  | become a bat while bloodless. [Vampire growth]
   610 | D:2      | Reached XP level 3. HP: 24/24 MP: 6/6
   654 | D:2      | Reached skill level 5 in Stealth
   657 | D:2      | Learned a level 2 spell: Ensorcelled Hibernation
   661 | D:2      | Learned a level 3 spell: Confusing Touch
   814 | D:2      | Found a faded altar of an unknown god.
   879 | D:2      | Reached skill level 5 in Hexes
  1060 | D:2      | Found Ynixzoc's Book Boutique.
  1328 | D:3      | Found a shimmering blue altar of Sif Muna.
  1330 | D:3      | Reached XP level 4. HP: 30/30 MP: 7/7
  1332 | D:3      | Noticed Robin
  1466 | D:3      | Killed Robin
  1608 | D:3      | Found an opulent altar of Gozag.
  1663 | D:3      | Found Puruimet's Weapon Boutique.
  2284 | D:4      | Noticed Pikel
  2284 | D:4      | Noticed a lemure
  2284 | D:4      | Noticed a lemure
  2284 | D:4      | Noticed a lemure
  2284 | D:4      | Noticed a lemure
  2284 | D:4      | Noticed an ogre
  2284 | D:4      | Found a staircase to the Ecumenical Temple.
  2289 | D:3      | Killed Pikel
  2290 | D:3      | Reached skill level 6 in Stealth
  2290 | D:3      | Reached XP level 5. HP: 28/28 MP: 6/10
  2290 | D:3      | Reached XP level 6. HP: 32/32 MP: 6/11
  2290 | D:3      | Reached XP level 7. HP: 36/36 MP: 6/12
  2339 | D:4      | Reached skill level 7 in Stealth
  2582 | D:4      | Found a glowing drain.
  2586 | Sewer    | Entered a sewer
  2742 | Sewer    | Found an ancient bone altar of Kikubaaqudgha.
  2900 | Sewer    | Noticed Grinder
  3065 | Sewer    | Reached skill level 5 in Dodging
  3065 | Sewer    | Reached XP level 8. HP: 19/41 MP: 8/14
  3079 | Sewer    | Killed Grinder
  3080 | Sewer    | Reached skill level 8 in Stealth
  3485 | D:4      | Found Ituhod's Book Shoppe.
  3523 | D:4      | Found a shimmering altar of Xom.
  3565 | Temple   | Entered the Ecumenical Temple
  3785 | D:4      | Found a sacrificial altar of Ru.
  4011 | D:4      | Found a radiant altar of Vehumet.
  4130 | D:4      | Noticed Sigmund
  4137 | D:4      | Killed Sigmund
  4172 | D:4      | Found a hazy altar of Hepliaklqana.
  4208 | D:5      | Entered Level 5 of the Dungeon
  4245 | D:5      | Found a stormy altar of Qazlal.
  4355 | D:5      | Reached skill level 9 in Stealth
  4536 | D:5      | Reached skill level 5 in Spellcasting
  4622 | D:5      | Found a broken altar of Ashenzari.
  4720 | D:5      | Found a bloodstained altar of Trog.
  4957 | D:5      | Noticed Duvessa
  4968 | D:5      | Noticed Dowan
  4970 | D:5      | Killed Duvessa
  4971 | D:5      | Reached XP level 9. HP: 45/45 MP: 13/16
  4972 | D:5      | Killed Dowan
  5041 | D:5      | Noticed Edmund
  5048 | D:5      | Killed Edmund
  5460 | D:6      | Reached skill level 10 in Stealth
  5600 | D:6      | Learned a level 3 spell: Tukima's Dance
  5660 | D:6      | Reached skill level 10 in Hexes
  6945 | D:7      | Reached skill level 10 in Dodging
  6948 | D:7      | Found a flagged portal.
  6965 | Bailey   | Entered a bailey
  7171 | Bailey   | Noticed an orc knight
  7234 | Bailey   | Reached XP level 10. HP: 28/50 MP: 12/17
  7268 | Bailey   | Killed an orc knight
  7269 | Bailey   | Reached skill level 5 in Short Blades
  7633 | D:7      | Noticed Joseph
  7640 | D:7      | Killed Joseph
  8632 | D:8      | Found a snail-covered altar of Cheibriados.
  8771 | D:8      | Found a hide-covered altar of Uskayaw.
  8858 | D:8      | Found a burning altar of Makhleb.
  8864 | D:8      | Became a worshipper of Makhleb the Destroyer
  8910 | D:9      | Noticed a tengu warrior
  8914 | D:9      | Killed a tengu warrior
  8915 | D:9      | Reached skill level 10 in Short Blades
  9107 | D:9      | Noticed an orange demon
  9157 | D:9      | Reached XP level 11. HP: 50/54 MP: 18/18
  9199 | D:9      | Reached * piety under Makhleb
  9205 | D:9      | Found a staircase to the Lair.
  9835 | D:9      | Reached skill level 11 in Stealth
  9903 | D:9      | Noticed a sixfirhy
 10131 | D:9      | Reached skill level 5 in Shields
 10229 | D:9      | Mangled by a sixfirhy

Illustrated notes

Levels and vault maps discovered:
D:1:      spicycebolla_green_bress_n_ham_2, layout_basic
D:2:      layout_loops_ring, serial_shops, nicolae_square_shop,
          ebering_ecumenical_altar_mist, serial_rivers,
          chequers_serial_rivers_small_a, chequers_serial_rivers_small_b,
          chequers_serial_rivers_micro_e, chequers_serial_rivers_micro_d,
          chequers_serial_rivers_micro_e, chequers_serial_rivers_large_a,
          grunt_decor_one_mirror
D:3:      layout_loops_ring, nicolae_gozag_cash_rules_everything_around_me,
          overflow_temple_1_default, elyvilon_altar_4, serial_shops, shop,
          dk_noncrumbling_3, dk_noncrumbling_2, uniq_robin
D:4:      layout_loops_ring, nicolae_ru_path_of_blood,
          nicolae_vehumet_altar_sigil, tso_altar,
          mainiacjoe_overflow_concentric_impassable,
          worldfamousw_hep_ancestral_shrine, minmay_temple_entry_proselytizer,
          gup_sewer_entry_spiral, serial_shops, kennysheep_mini, uniq_pikel,
          uniq_sigmund
D:5:      layout_loops_corners, trog_hazing_becter,
          nicolae_qazlal_general_emergency, ashenzari_altar_1, uniq_edmund,
          uniq_duvessa
D:6:      nicolae_cairo_tiling, layout_layer_cave
D:7:      layout_basic, enter_bailey_4, chequers_serial_rivers_large_b,
          uniq_joseph
D:8:      layout_rooms, nicolae_uskayaw_dance_studio, kennysheep_slug_shrine,
          lemuel_round_altar
D:9:      layout_irregular_city, david_lair_shrubbed, serial_demonic,
          serial_demonic_c, serial_demonic_d, serial_demonic_f,
          serial_demonic_e, serial_demonic_e, serial_demonic_g,
          serial_demonic_f, serial_demonic_e, serial_demonic_a, serial_demonic_g
Temple:   nicolae_temple_bog_church

Skill      XL: |  1  2  3  4  5  6  7  8  9 10 11 |
---------------+----------------------------------+-----
Stealth        | 5 6 7 9 10 11 | 11.1
Short Blades   | 2 3 10 | 10.5
Hexes          | 5 6 7 9 10 | 10.9
Dodging        | 4 5 6 10 | 10.5
Shields        | 2 3 4 5 |  5.0
Spellcasting   | 3 4 5 |  5.8

Action                     |  1- 3 |  4- 6 |  7- 9 | 10-12 || total
---------------------------+-------+-------+-------+-------++-------
  Melee: Dagger            |   120 |    62 |   401 |   346 ||   929
         Bite              |    10 |     7 |    59 |    46 ||   122
         Punch             |       |     1 |     4 |       ||     5
   Cast: Ensorcelled Hiber |       |     4 |    49 |    33 ||    86
         Confusing Touch   |       |       |    11 |    18 ||    29
Ability: Exsanguinate      |       |     1 |       |       ||     1
  Evoke: Wand              |       |       |     5 |     1 ||     6
    Use: Scroll            |       |       |    16 |     4 ||    20
         Potion            |       |       |     4 |     7 ||    11
   Stab: Sleeping          |     4 |    11 |    67 |    31 ||   113
         Distracted        |       |     2 |     2 |     1 ||     5
         Invisible         |       |       |     5 |     9 ||    14
         Confused          |       |       |    10 |    20 ||    30
 Armour: Robe              |    28 |    16 |    54 |       ||    98
         Steam dragon scal |       |       |    30 |    48 ||    78
         Leather armour    |       |       |     6 |       ||     6
  Dodge: Dodged            |    73 |    41 |   403 |   234 ||   751
  Block: Buckler           |       |       |    63 |    98 ||   161

Table legend: (Time is in decaauts)
 A = Elapsed time spent in this place.
 B = Non-inter-level travel time spent in this place.
 C = Inter-level travel time spent in this place.
 D = Time resting spent in this place.
 E = Time spent auto-exploring this place.
 F = Levels seen in this place.
 G = Mean time per level.
                   A        B        C        D        E       F      G
               +--------+--------+--------+--------+--------+-----+--------+
         Total |  10130 |   9920 |    210 |   1093 |   5660 |  12 |  844.2 |
       Dungeon |   8701 |   8500 |    201 |    863 |   5237 |   9 |  966.8 |
        Temple |    216 |    207 |      9 |      0 |    174 |   1 |  216.0 |
         Sewer |    757 |    757 |      0 |    111 |    205 |   1 |  757.0 |
        Bailey |    454 |    454 |      0 |    119 |     43 |   1 |  454.0 |
               +--------+--------+--------+--------+--------+-----+--------+

Top non-repeatable levels by time:
     D:6: 1458 daAuts
     D:5: 1231 daAuts
     D:8: 993 daAuts
     D:3: 987 daAuts
     D:7: 975 daAuts
     D:4: 917 daAuts
     D:2: 774 daAuts
     D:9: 764 daAuts
   Sewer: 757 daAuts
     D:1: 600 daAuts
  Bailey: 454 daAuts
  Temple: 216 daAuts
